 Dungeon Crawl Stone Soup version 0.21-a0-529-g8c7b3f5 (webtiles) character file.

16142 belial007 the Cruncher (level 12, -1/94 HPs)
             Began as a Demonspawn Abyssal Knight on Dec 10, 2017.
             Was the Champion of Lugonu.
             Slain by an orc
             ... wielding a +0 trident
              (5 damage)
             ... on level 1 of the Orcish Mines.
             The game lasted 00:44:46 (14391 turns).

belial007 the Cruncher (Demonspawn Abyssal Knight) Turns: 14391, Time: 00:44:52

Health: -1/94      AC:  9    Str: 19    XL:     12   Next: 7%
Magic:  14/14      EV: 15    Int: 21    God:    Lugonu [******]
Gold:   407        SH:  0    Dex: 18    Spells: 9/11 levels left

rFire    + + .     SeeInvis .   n - +7 quarterstaff (distort)
rCold    + . .     Gourm    .   (shield currently unavailable)
rNeg     . . .     Faith    .   C - +2 chain mail {rF+}
rPois    .         Spirit   .   (helmet restricted)
rElec    .         Reflect  .   R - scarf {rC+ rF+}
rCorr    +         Harm     .   (no gloves)
MR       .....                  (no boots)
Stlth    ++........             g - amulet of magic regeneration
HPRegen  0.25/turn              S - +2 ring of strength
MPRegen  0.39/turn              I - ring of resist corrosion

@: brilliant, agile, lethally poisoned (-1 -> -8), flying
A: claws 1, horns 2, talons 2, camouflage 1, clever 1, deformed body, demonic
guardian 1, powered by pain 1, no potion heal 1
a: Depart the Abyss, Bend Space, Banish, Corrupt, Enter the Abyss, Renounce
Religion


You were on level 1 of the Orcish Mines.
You worshipped Lugonu.
Lugonu was exalted by your worship.
You were not hungry.

You visited 2 branches of the dungeon, and saw 13 of its levels.
You visited the Abyss 1 time.

You collected 1005 gold pieces.
You spent 598 gold pieces at shops.

Inventory:

Hand Weapons
 a - a +1 spear
 b - a +1 dagger of pain
 n - a +7 quarterstaff of distortion (weapon)
 J - a +0 shortbow
Missiles
 e - 224 stones (quivered)
 p - 225 arrows
 w - 100 sling bullets
Armour
 h - a +1 cloak
 s - a +0 ring mail of magic resistance
 C - a +2 chain mail of fire resistance (worn)
 R - a scarf of resistance (worn)
Jewellery
 g - an amulet of magic regeneration (around neck)
 o - an uncursed ring of ice
 y - an uncursed ring of protection from fire
 D - a +3 ring of intelligence
 E - an uncursed ring of protection from cold
 I - a ring of resist corrosion (right claw)
 N - an uncursed ring of wizardry
 S - a +2 ring of strength (left claw)
 U - a cursed ring of protection from fire
 V - an uncursed amulet of harm
Wands
 f - a wand of random effects (22)
 t - a wand of flame (30)
 u - a wand of digging (3)
 z - a wand of polymorph (10)
 F - a wand of iceblast (11)
 G - a wand of enslavement (12)
Scrolls
 d - 8 scrolls of remove curse
 k - 4 scrolls of enchant weapon
 l - 2 scrolls of immolation
 r - 12 scrolls of teleportation
 v - a scroll of fog
 K - a scroll of enchant armour
 M - a scroll of fear {unknown}
 O - 4 scrolls of identify
 P - 2 scrolls of amnesia {unknown}
 T - a scroll of silence {unknown}
 W - a scroll of blinking
 X - a scroll of torment {unknown}
Potions
 q - 2 potions of might
 L - a potion of brilliance
Books
 A - a book of Geomancy

   Spells                             Type                      Level
   a - Sandblast                      Earth                        1
   b - Passwall                       Transmutation/Earth          2
   c - Stone Arrow                    Conjuration/Earth            3
   d - Petrify                        Transmutation/Earth          4
   e - Lee's Rapid Deconstruction     Earth                        5
 B - a book of Changes

   Spells                             Type                      Level
   a - Beastly Appendage              Transmutation                1
   b - Sticks to Snakes               Transmutation                2
   c - Spider Form                    Transmutation/Poison         3
   d - Ice Form                       Ice/Transmutation            4
   e - Blade Hands                    Transmutation                5
 H - a book of Air

   Spells                             Type                      Level
   a - Shock                          Conjuration/Air              1
   b - Swiftness                      Charms/Air                   2
   c - Static Discharge               Conjuration/Air              3
   d - Airstrike                      Air                          4
   e - Lightning Bolt                 Conjuration/Air              5
 Y - a book of Power

   Spells                             Type                      Level
   a - Iskenderun's Battlesphere      Conjuration/Charms           5
   b - Venom Bolt                     Conjuration/Poison           5
   c - Bolt of Magma                  Conjuration/Fire/Earth       5
   d - Iron Shot                      Conjuration/Earth            6
   e - Orb of Destruction             Conjuration                  7
   f - Spellforged Servitor           Conjuration/Summoning        7
Comestibles
 c - 10 bread rations
 i - 13 royal jellies
 j - 9 fruits
 m - 4 meat rations
 Z - 17 chunks of flesh


   Skills:
 + Level 8.8 Fighting
 + Level 0.4 Short Blades
 + Level 3.1(8.5) Polearms
 + Level 12.1(12.2) Staves
 + Level 9.4 Armour
 + Level 3.4 Dodging
 + Level 4.0 Stealth
 + Level 0.1 Spellcasting
 + Level 0.1 Charms
 + Level 2.7 Invocations
 + Level 1.7 Evocations


You had 9 spell levels left.
You knew the following spells:

 Your Spells              Type           Power        Failure   Level  Hunger
a - Swiftness             Chrm/Air       ##......     22%         2    ###....


Dungeon Overview and Level Annotations

Branches:
Dungeon (12/15)            Temple (0/1) D:5            Lair (0/6) D:8
    Orc (1/2) D:12

Altars:
Cheibriados
Dithmenos
Fedhas
Makhleb
Nemelex Xobeh
Ru
Uskayaw
Xom
Zin
The Shining One

Shops:
D:8 ??[   D:10 [   D:11 !


Innate Abilities, Weirdness & Mutations

You have sharp fingernails.
You have a pair of horns on your head.
You have razor-sharp toenails.
A weak demonic guardian rushes to your aid.
You sometimes gain a little power by taking damage.
Your skin changes colour to match your surroundings (Stealth+).
Your mind is acute. (Int +2)
Armour fits poorly on your strangely shaped body.
Potions are less effective at restoring your health.


Message History

An orc priest comes into view. It is wielding a falchion.
The orc priest shouts!
An orc comes into view. It is wielding a trident.
The orc shouts!
An orc and an orc high priest come into view.
* * * LOW HITPOINT WARNING * * *
You feel sick.
It was a potion of mutation.
You feel extremely strange.
You feel clever.
Your body twists and deforms.
Your system partially rejects the healing effects of potions.
Your skin functions as natural camouflage.
* * * LOW HITPOINT WARNING * * *
You feel sick. The orc closely misses you.
It was a potion of flight.
You feel very buoyant.
You fly up into the air.
* * * LOW HITPOINT WARNING * * *
You feel sick.
The orc hits you from afar with a trident.
You die...

##. ....## ....#.#
....o..## ...o....#
#o.o..## #o...# ##...#
#..@## ## .........# #>
.....o#.## ### .#
.....########.## ####.
#..o.. ##..5...#####.<..
...T...#.ooO..##.##.....
.....$To..oo....###....)
.........oo#.....##..##)
#.....).####......###


You could see an orc high priest, a troll, an orc warrior, an orc priest and 4
orcs.

Vanquished Creatures
  2 two-headed ogres
  Pikel (D:7)
  The ghost of slep the Cleaver, a novice VSGl of Okawaru (D:8)
  A cyclops (D:12)
  An ugly thing (D:12)
  2 deep elf magi
  A water nymph (D:9)
  The ghost of belial007 the Covered, a novice DsAK of Lugonu (D:5)
  2 slime creatures (D:12)
  4 hippogriffs
  7 yaks
  4 wyverns
  A human (D:7)
  A hungry ghost (D:9)
  3 hogs (D:7)
  3 vampire mosquitoes (D:10)
  Menkaure (D:7)
  A steam dragon (D:8)
  Edmund (D:4)
  A water moccasin (D:5)
  4 ice beasts
  A slave (D:7)
  An eye of draining (D:11)
  9 orc warriors
  A necrophage (D:9)
  4 phantoms
  3 sky beasts
  8 centaurs
  9 ogres
  2 crocodiles (D:8)
  2 big kobolds
  6 bullfrogs
  A water moccasin zombie (D:5)
  3 scorpions
  9 killer bees
  2 howler monkeys (D:9)
  5 wights (D:8)
  A bullfrog zombie (D:9)
  8 crimson imps
  2 centaur zombies
  4 orc priests
  Crazy Yiuf (D:2)
  A bullfrog skeleton (D:8)
  4 hounds
  2 jellies
  Jessica (D:3)
  Natasha (thrice) (D:3)
  10 orc wizards
  7 worker ants
  A hound zombie (D:5)
  A hound skeleton (D:6)
  A worker ant zombie (D:8)
  14 gnolls
  8 adders
  3 shadow imps
  An ooze (D:5)
  3 dart slugs
  2 worms (D:3)
  A leopard gecko (D:3)
  61 orcs
  6 giant cockroaches
  8 goblins
  9 hobgoblins
  17 jackals
  18 kobolds
  3 quokkas
  8 bats
  3 frilled lizards
  A quokka skeleton (D:8)
  6 rats
328 creatures vanquished.

Vanquished Creatures (collateral kills)
  A hippogriff (D:9)
  A hog (D:7)
  A basilisk (D:8)
  An ogre (D:11)
  A centaur (D:12)
  3 killer bees
  A howler monkey (D:9)
  A jelly (D:5)
  An orc priest (D:5)
  An orc wizard (D:4)
  9 orcs
  A quokka (D:7)
22 creatures vanquished.

Vanquished Creatures (others)
  A troll (D:12)
  A slime creature (D:12)
  A wyvern (D:12)
  2 orc warriors
  A centaur (D:12)
  An ogre (D:11)
  A killer bee (D:12)
  An orc wizard (D:12)
9 creatures vanquished.

Grand Total: 359 creatures vanquished

Notes
Turn   | Place    | Note
-------+----------+-------------------------------------------
     0 | Abyss:1  | belial007 the Demonspawn Abyssal Knight began the quest for the Orb.
     0 | Abyss:1  | Reached XP level 1. HP: 18/18 MP: 2/2
    21 | D:1      | Escaped the Abyss
   129 | D:1      | Gained mutation: You have sharp fingernails. [demonic ancestry]
   129 | D:1      | Reached XP level 2. HP: 24/24 MP: 4/4
   527 | D:1      | Reached skill level 1 in Dodging
   814 | D:1      | Reached ** piety under Lugonu
  1054 | D:1      | Reached XP level 3. HP: 28/29 MP: 5/5
  1331 | D:2      | Found a runed door.
  1335 | D:2      | Noticed Crazy Yiuf
  1346 | D:2      | Killed Crazy Yiuf
  1683 | D:2      | Gained mutation: You have a pair of small horns on your head. [demonic ancestry]
  1683 | D:2      | Reached XP level 4. HP: 28/35 MP: 6/6
  2095 | D:2      | Gained mutation: You have sharp toenails. [demonic ancestry]
  2095 | D:2      | Reached XP level 5. HP: 30/42 MP: 7/7
  2486 | D:2      | Reached skill level 1 in Staves
  2697 | D:2      | Found a shadowy altar of Dithmenos.
  2828 | D:3      | Noticed Natasha
  2834 | D:3      | Killed Natasha
  3401 | D:3      | Reached *** piety under Lugonu
  3442 | D:3      | Noticed Jessica
  3449 | D:3      | Killed Jessica
  3449 | D:3      | Reached skill level 2 in Staves
  3449 | D:3      | Gained mutation: A weak demonic guardian rushes to your aid. [demonic ancestry]
  3449 | D:3      | Reached XP level 6. HP: 28/48 MP: 8/8
  3628 | D:3      | Noticed Natasha
  3635 | D:3      | Killed Natasha
  3709 | D:3      | Found a glowing golden altar of the Shining One.
  3851 | D:3      | Noticed Natasha
  3855 | D:3      | Killed Natasha
  4017 | D:4      | Found Zin's Purification Station.
  4025 | D:4      | Found a glowing silver altar of Zin.
  4031 | D:4      | Bought a potion of curing for 90 gold pieces
  4052 | D:4      | Noticed Edmund
  4298 | D:4      | Reached skill level 3 in Staves
  4590 | D:4      | Gained mutation: You have razor-sharp toenails. [demonic ancestry]
  4590 | D:4      | Reached XP level 7. HP: 50/55 MP: 9/9
  4741 | D:4      | Killed Edmund
  4903 | D:4      | Reached skill level 4 in Staves
  4903 | D:4      | Reached skill level 1 in Stealth
  5020 | D:5      | Entered Level 5 of the Dungeon
  5039 | D:5      | Reached skill level 5 in Fighting
  5079 | D:5      | Reached **** piety under Lugonu
  5214 | D:5      | Learned a level 2 spell: Swiftness
  5304 | D:5      | Gained mutation: You have a pair of horns on your head. [demonic ancestry]
  5304 | D:5      | Reached XP level 8. HP: 58/62 MP: 10/10
  5458 | D:5      | Reached skill level 5 in Staves
  5603 | D:5      | Noticed belial007's ghost (novice DsAK)
  5611 | D:5      | Killed belial007's ghost
  5611 | D:5      | Reached skill level 6 in Staves
  5656 | D:5      | Found a staircase to the Ecumenical Temple.
  6095 | D:5      | Reached skill level 7 in Staves
  6323 | D:6      | Reached XP level 9. HP: 69/69 MP: 11/11
  6525 | D:6      | Found a burning altar of Makhleb.
  6595 | D:6      | Found a sparkling altar of Nemelex Xobeh.
  6616 | D:6      | Reached skill level 5 in Armour
  6932 | D:7      | Noticed Menkaure
  6942 | D:7      | Killed Menkaure
  7175 | D:7      | Found a shimmering altar of Xom.
  7250 | D:7      | Reached skill level 8 in Staves
  7857 | D:7      | Found a hide-covered altar of Uskayaw.
  7873 | D:7      | Reached ***** piety under Lugonu
  7960 | D:7      | Noticed Pikel
  7970 | D:7      | Killed Pikel
  7970 | D:7      | Reached skill level 9 in Staves
  8168 | D:8      | Gained mutation: You sometimes gain a little power by taking damage. [demonic ancestry]
  8168 | D:8      | Reached XP level 10. HP: 68/77 MP: 12/12
  8405 | D:8      | Found a sacrificial altar of Ru.
  8405 | D:8      | Found a snail-covered altar of Cheibriados.
  8469 | D:8      | Noticed slep's ghost (novice VSGl)
  8480 | D:8      | Killed slep's ghost
  8586 | D:8      | Found Jeruruf's Armour Emporium.
  8953 | D:8      | Found Rearoud's Magic Scroll Boutique.
  8954 | D:8      | Found Raufre Iwkot's Magic Scroll Emporium.
  8981 | D:8      | Bought a scroll of identify for 24 gold pieces
  8981 | D:8      | Bought a scroll of teleportation for 36 gold pieces
  9180 | D:8      | Noticed a two-headed ogre
  9190 | D:8      | Killed a two-headed ogre
  9190 | D:8      | Reached skill level 10 in Staves
  9569 | D:8      | Found a staircase to the Lair.
  9662 | D:9      | Noticed a two-headed ogre
  9663 | D:9      | Noticed a water nymph
  9663 | D:9      | a two-headed ogre changed into a water nymph
  9668 | D:9      | Killed a water nymph
  9782 | D:9      | Found a blossoming altar of Fedhas.
  9979 | D:9      | Reached XP level 11. HP: 83/84 MP: 13/13
 10200 | D:9      | Reached skill level 1 in Evocations
 10622 | D:10     | Entered Level 10 of the Dungeon
 10817 | D:10     | Noticed a deep elf mage
 10843 | D:10     | Killed a deep elf mage
 10843 | D:10     | Reached ****** piety under Lugonu
 10843 | D:10     | Reached skill level 11 in Staves
 11060 | D:10     | Found Xiwyc's Armour Shoppe.
 11070 | D:10     | Bought a scarf of resistance for 448 gold pieces
 11545 | D:11     | Noticed a two-headed ogre
 11563 | D:11     | Killed a two-headed ogre
 11567 | D:11     | Identified a +7 quarterstaff of distortion (a +5 quarterstaff of chaos corrupted by Lugonu)
 11567 | D:11     | Received a gift from Lugonu
 11850 | D:11     | Found a blossoming altar of Fedhas.
 11896 | D:11     | Found Laesch's Distillery.
 12480 | D:12     | Noticed a red ugly thing
 12486 | D:12     | Killed a red ugly thing
 12506 | D:12     | Noticed a deep elf mage
 12516 | D:12     | Killed a deep elf mage
 13459 | D:12     | Found a staircase to the Orcish Mines.
 13671 | D:12     | Reached skill level 12 in Staves
 13899 | D:12     | Reached XP level 12. HP: 86/94 MP: 14/14
 14158 | Orc:1    | Entered Level 1 of the Orcish Mines
 14389 | Orc:1    | Noticed an orc high priest
 14390 | Orc:1    | Gained mutation: Your mind is acute. (Int +2) [potion of mutation]
 14390 | Orc:1    | Gained mutation: Armour fits poorly on your strangely shaped body. [potion of mutation]
 14390 | Orc:1    | Gained mutation: Potions are less effective at restoring your health. [potion of mutation]
 14390 | Orc:1    | Gained mutation: Your skin changes colour to match your surroundings (Stealth+). [potion of mutation]
 14391 | Orc:1    | HP: 4/94 [poisoned by an orc]
 14391 | Orc:1    | Slain by an orc

Vault maps used:
D:1:      nicolae_arrival_memento_mori
D:2:      lemuel_round_altar, uniq_crazy_yiuf_cottage
D:3:      nicolae_overflow_crystal_walls, st_stairs_3, uniq_jessica,
          uniq_natasha
D:4:      zin_purify, first_bread, kennysheep_generic_room_2, uniq_edmund
D:5:      minmay_temple_entry_hall
D:6:      lemuel_coloured_pillars_altar, bloody_makhleb
D:7:      eat_drink_and_be_merry_uskayaw, lemuel_doored_altar, grunt_livestock,
          uniq_menkaure, uniq_pikel
D:8:      gammafunk_temple_overflow_elements, erik_lair_dragon, serial_shops,
          shop, shop, shop_fountains
D:9:      fedhas_altar_2, minmay_liquid_box, minivault_26, grunt_decor_cap,
          kennysheep_generic_room_15
D:10:     serial_shops, shop
D:11:     serial_shops, nicolae_shop_waterfront, basic_altar
D:12:     hiddenorc1_lemuel

Skill      XL: |  1  2  3  4  5  6  7  8  9 10 11 |
---------------+----------------------------------+-----
Polearms       | 2 3 |  3.1
Dodging        | 1 2 3 |  3.4
Armour         | 2 3 4 6 7 9 |  9.4
Staves         | 2 3 4 7 9 10 12 | 12.1
Fighting       | 4 5 6 7 8 |  8.8
Stealth        | 1 2 3 4 |  4.0
Evocations     | 1 |  1.7
Short Blades   | |  0.4
Spellcasting   | |  0.1
Charms         | |  0.1
Invocations    | |  2.7

Action                   |  1- 3 |  4- 6 |  7- 9 | 10-12 || total
-------------------------+-------+-------+-------+-------++-------
Melee: Spear             |   101 |       |       |       ||   101
       Quarterstaff      |     9 |   139 |   204 |   454 ||   806
       Dagger            |       |     7 |       |       ||     7
       Headbutt          |       |    25 |    28 |    75 ||   128
       Kick              |       |    15 |    49 |   123 ||   187
Invok: Brand Weapon With |       |       |       |     1 ||     1
Evoke: Wand              |       |       |     3 |     7 ||    10
  Use: Scroll            |     1 |     6 |     5 |     3 ||    15
       Potion            |       |       |     4 |     6 ||    10
 Stab: Distracted        |       |     1 |     3 |       ||     4
       Confused          |       |       |     1 |     1 ||     2
       Paralysed         |       |       |     2 |     1 ||     3
  Eat: Chunk             |     1 |     9 |    11 |    13 ||    34
       Fruit             |     1 |     1 |       |    10 ||    12
Armor: Leather armour    |    53 |       |       |       ||    53
       Plate armour      |       |    92 |     6 |       ||    98
       Chain mail        |       |       |    93 |   239 ||   332
Dodge: Dodged            |    89 |    30 |    60 |   215 ||   394

Table legend:
 A = Spawn XP
 B = Non-spawn XP
 C = Spawn XP percentage of total XP
 D = Spawn monster count
 E = Non-spawn monster count
 F = Spawn count percentage of total count
 G = Total turns spent on level
                    A         B        C        D         E        F      G
               +---------+---------+-------+---------+---------+-------+---------
         Total |       0 |   23060 |   0.0 |       0 |     358 |   0.0 | 14391
               +---------+---------+-------+---------+---------+-------+---------
           D:1 |       0 |      41 |   0.0 |       0 |      23 |   0.0 |  1207
           D:2 |       0 |     197 |   0.0 |       0 |      32 |   0.0 |  1562
           D:3 |       0 |     249 |   0.0 |       0 |      29 |   0.0 |  1216
           D:4 |       0 |     534 |   0.0 |       0 |      21 |   0.0 |  1014
           D:5 |       0 |    1556 |   0.0 |       0 |      32 |   0.0 |  1273
           D:6 |       0 |     516 |   0.0 |       0 |      13 |   0.0 |   637
           D:7 |       0 |    2313 |   0.0 |       0 |      25 |   0.0 |  1203
           D:8 |       0 |    4389 |   0.0 |       0 |      47 |   0.0 |  1529
           D:9 |       0 |    3136 |   0.0 |       0 |      34 |   0.0 |   960
          D:10 |       0 |    1101 |   0.0 |       0 |       5 |   0.0 |   749
          D:11 |       0 |    3288 |   0.0 |       0 |      38 |   0.0 |  1109
          D:12 |       0 |    5177 |   0.0 |       0 |      49 |   0.0 |  1678
         Orc:1 |       0 |     563 |   0.0 |       0 |      10 |   0.0 |   233
               +---------+---------+-------+---------+---------+-------+---------
